 Dungeon Crawl Stone Soup version 0.26-a0-646-g5d7718319a (webtiles) character file.

Game seed: 1900875992740467308

104 Pixllover the Chopper (level 4, -5/37 HPs)
             Began as a Ghoul Gladiator on Sept 24, 2020.
             Slain by an ogre
             ... wielding a cursed -3 giant club
              (17 damage)
             ... on level 6 of the Dungeon.
             The game lasted 00:04:46 (1635 turns).

Pixllover the Chopper (Ghoul Gladiator)             Turns: 1635, Time: 00:04:46

Health: -5/37      AC:  7    Str: 17 (18) XL:     4   Next: 80%
Magic:  3/3        EV: 11    Int:  3      God:
Gold:   69         SH:  0    Dex:  9 (10) Spells: 3/3 levels left

rFire    . . .     SeeInvis .   a - +0 war axe
rCold    + . .     Faith    .   (no shield)
rNeg     + + +     Spirit   .   h - +0 ring mail
rPois    ∞         Reflect  .   c - +0 helmet
rElec    .         Harm     .   (no cloak)
rCorr    .         Rampage  .   l - +0 pair of gloves
MR       .....                  (no boots)
Stlth    ..........             (no amulet)
HPRegen  0.00/turn              (no ring)
MPRegen  0.08/turn              (no ring)

@: no status effects
A: rotting body, claws 1, cold resistance 1, negative energy resistance 3,
inhibited regeneration, torment resistance, unbreathing
a: no special abilities


You were on level 6 of the Dungeon.
You visited 1 branch of the dungeon, and saw 4 of its levels.

You collected 69 gold pieces.

Inventory:

Hand Weapons
 a - a +0 war axe (weapon)
Missiles
 d - 3 throwing nets (quivered)
Armour
 b - a +0 leather armour
 c - a +0 helmet (worn)
 h - a +0 ring mail (worn)
 l - a +0 pair of gloves (worn)
Jewellery
 g - a +4 ring of protection {unknown}
Wands
 m - a wand of acid (12)
Scrolls
 f - a scroll of enchant armour {unknown}
 j - 2 scrolls of identify {unknown}
Potions
 e - 4 potions of curing
 k - a potion of haste {unknown}


   Skills:
 + Level 2.8 Fighting
 + Level 3.7 Axes
 + Level 1.8 Throwing
 + Level 1.2 Armour
 + Level 3.3 Dodging
 + Level 0.2 Stealth


You had 3 spell levels left.
You didn't know any spells.
Your spell library was empty.

Dungeon Overview and Level Annotations

Branches:
Dungeon (3/15)

Altars:
Trog
Yredelemnul

Annotations:
D:6 1 runed translucent door, ikjuyhgtrf's ghost, novice DsFi


Innate Abilities, Weirdness & Mutations

Your body is rotting away.
You thrive by killing the living.
You are immune to poison.
You have sharp fingernails.
Your flesh is cold resistant. (rC+)
You are immune to negative energy. (rN+++)
You do not regenerate when monsters are visible.
You are immune to unholy pain and torment.
You can survive without breathing.


Message History

You slash the adder!
The adder is severely wounded.
The adder bites you but does no damage. The adder misses you.
The adder misses you. The adder bites you but does no damage.
The adder bites you. The adder misses you.
The adder bites you but does no damage. The adder bites you but does no damage.
The adder bites you. The adder bites you.
The adder bites you but does no damage. The adder bites you but does no damage.
The adder barely misses you. The adder bites you but does no damage.
The ogre hits you with a cursed -3 giant club.
You hear the rusting of a distant drain.
It was a potion of lignification.
You feel woody for a moment.
The ogre hits you with a cursed -3 giant club!
You die... #.# ##..# ######+ #.# #...# oWoo..

#.#
#.#.######o..o##
#.###........#.###.
#.......####.#
#####.######.#
#.##.. ..# #.##.#
#.# #.##.# #@#
#....###O#
#.......S#
##########


You could see an ogre and an adder.

Vanquished Creatures
  A bullfrog (D:6)
  A dart slug (D:1)
  3 giant cockroaches
  A goblin (D:1)
  4 hobgoblins
  3 jackals (D:2)
  A ball python (D:3)
  7 bats
  2 frilled lizards (D:1)
  5 kobolds
  6 rats
34 creatures vanquished.

Notes
Turn   | Place    | Note
-------+----------+-------------------------------------------
     0 | D:1      | Pixllover the Ghoul Gladiator began the quest for the Orb.
     0 | D:1      | Reached XP level 1. HP: 17/17 MP: 0/0
   159 | D:1      | Reached XP level 2. HP: 14/25 MP: 1/1
   650 | D:2      | Found a bloodstained altar of Trog.
   713 | D:2      | Reached XP level 3. HP: 25/30 MP: 2/2
  1388 | D:3      | You fall into a shaft and drop 3 floors!
  1408 | D:6      | Noticed a bullfrog
  1409 | D:6      | Identified the +6 rapier of Kavveonu {holy, rElec rF- MR+++
                  | SInv}
  1409 | D:6      | Noticed an orc warrior
  1410 | D:6      | Found a runed translucent gate.
  1412 | D:6      | Noticed ikjuyhgtrf's ghost (novice DsFi)
  1429 | D:6      | Killed a bullfrog
  1429 | D:6      | Reached skill level 1 in Armour
  1429 | D:6      | Reached XP level 4. HP: 3/37 MP: 3/3
  1437 | D:6      | Noticed an orc warrior
  1595 | D:6      | Noticed an ogre
  1598 | D:6      | Found a basalt altar of Yredelemnul.
  1635 | D:6      | Slain by an ogre

Illustrated notes

Levels and vault maps discovered:
D:1:      dpeg_arrival_water_temple_mockup, layout_basic
D:2:      layout_loops_cross, lemuel_crystal_altar
D:3:      layout_loops_ring, uniq_grinder
D:6:      layout_loops_corners, kennysheep_mini_moat, temple_fountains,
          biasface_ghost_orc_armoury, gup_sewer_entry_bubbles,
          yredelemnul_altar_generic

Skill      XL: |  1  2  3 |
---------------+----------+-----
Axes           | 3 |  3.7
Dodging        | 3 |  3.3
Armour         | 1 |  1.2
Fighting       | |  2.8
Throwing       | |  1.8
Stealth        | |  0.2

Action                   |  1- 3 |  4- 6 || total
-------------------------+-------+-------++-------
Melee: War axe           |   116 |     3 ||   119
  Use: Scroll            |     2 |       ||     2
       Potion            |     2 |     1 ||     3
Armor: Leather armour    |    59 |       ||    59
       Ring mail         |    49 |     8 ||    57
Dodge: Dodged            |   174 |     7 ||   181

Table legend: (Time is in decaauts)
 A = Elapsed time spent in this place.
 B = Non-inter-level travel time spent in this place.
 C = Inter-level travel time spent in this place.
 D = Time resting spent in this place.
 E = Time spent auto-exploring this place.
 F = Levels seen in this place.
 G = Mean time per level.
                   A        B        C        D        E       F      G
               +--------+--------+--------+--------+--------+-----+--------+
         Total |   1675 |   1628 |     47 |    152 |    642 |   4 |  418.8 |
       Dungeon |   1675 |   1628 |     47 |    152 |    642 |   4 |  418.8 |
               +--------+--------+--------+--------+--------+-----+--------+

Top non-repeatable levels by time:
     D:2: 707 daAuts
     D:1: 669 daAuts
     D:6: 253 daAuts
     D:3: 45 daAuts
